AoeStats
← MKNG | Sr. MnKo

Arena

520952005Analyzed
3v3 RM · 3d ago on Nov 14, 2026· 39m 28s· 6 players
Game mode
Random Map
Map size
Normal (6 player)
Population
200
Speed
Normal
Resources
Standard
Victory
Conquest
Starting age
Dark Age
Ending age
Imperial Age
RankedLock teamsTeams togetherTeam positionsShared explorationLock speedFull tech treeHidden civsTurbo modeCheats
Victory
Defeat
1277
+7
🇲🇽 Bulgarians · Mexico
1044
+14
🇦🇷 Franks · Argentina
915
+18
vs
🇨🇴 Bohemians · Colombia
1037
-14
🇨🇴 Turks · Colombia
1007
-13
🇪🇸 Khmer · Spain
971
-12
MKNG | ARGNIZ EL MEXICANO
10:30 Feudal Age
11:34 Loom
14:21 Castle Age
12:17 Double-Bit Axe
12:55 Fletching
13:24 Horse Collar
15:52 Loom
16:36 Bow Saw
17:46 Ballistics
21:30 Gold Mining
22:03 Bodkin Arrow
23:34 Padded Archer Armor
24:47 Masonry
25:18 Leather Archer Armor
28:43 Wheelbarrow
32:20 Hand Cart
35:23 Imperial Age
34:55 Bloodlines
35:05 Husbandry
36:25 Bracer
37:29 Chemistry
36:36 Siege Engineers
38:42 Gold Shaft Mining
38:43 Murder Holes
MKNG | Sr. MnKo
5:24 Loom
9:24 Feudal Age
11:32 Arson
13:39 Scale Mail Armor
15:23 Fletching
23:05 Forging
26:45 Double-Bit Axe
27:09 Scale Barding Armor
28:15 Bloodlines
35:27 Castle Age
35:33 Horse Collar
36:31 Husbandry
37:51 Gambesons
39:29 Chain Barding Armor
39:13 Pikeman
MKNG | Jpanda
9:23 Feudal Age
13:48 Castle Age
12:17 Double-Bit Axe
16:37 Wheelbarrow
16:47 Wheelbarrow
18:24 Bow Saw
19:49 Gold Mining
21:12 Town Watch
26:11 Imperial Age
24:14 Husbandry
24:20 Loom
24:27 Treadmill Crane
25:01 Murder Holes
25:23 Scale Barding Armor
26:11 Forging
26:38 Chain Barding Armor
27:25 Iron Casting
28:47 Blast Furnace
28:31 Cavalier
30:09 Plate Barding Armor
30:26 Chivalry
31:26 Gold Shaft Mining
30:44 Stone Mining
31:42 Paladin
felip3.diaz
10:39 Feudal Age
15:01 Castle Age
19:29 Loom
34:04 Elite Skirmisher
39:21 Ballistics
juandaosp12
10:15 Feudal Age
15:42 Fletching
18:58 Castle Age
sebastianmedina9725
10:58 Feudal Age
17:50 Castle Age
19:43 Horse Collar
19:49 Double-Bit Axe
20:02 Gold Mining
36:54 Elite Skirmisher
Connection lost

Rejoining the realm…

Still unreachable

The connection could not be restored.

Session expired

The server has moved on; the page needs a fresh start.